 Dungeon Crawl Stone Soup version 0.24-a0-201-gf205589 (console) character file.

Game seed: 9182734797634603389

147 bli the Skirmisher (level 5, -1/50 HPs)
             Began as a Draconian Wanderer on Mar 25, 2019.
             Succumbed to Crazy Yiuf's poison
             ... on level 2 of the Dungeon.
             The game lasted 00:04:13 (1617 turns).

bli the Skirmisher (Draconian Wanderer)             Turns: 1617, Time: 00:04:14

Health: -1/50      AC:  6    Str: 14    XL:     5   Next: 7%
Magic:  5/5        EV: 12    Int: 10    God:
Gold:   50         SH:  0    Dex: 14    Spells: 4/4 levels left

rFire    . . .     SeeInvis .   a - +2 hand axe
rCold    . . .     Gourm    .   (no shield)
rNeg     . . .     Faith    .   (armour unavailable)
rPois    .         Spirit   .   r - +1 hat
rElec    .         Reflect  .   (no cloak)
rCorr    +         Harm     .   (no gloves)
MR       .....                  (no boots)
Stlth    ++........             (no amulet)
HPRegen  0.16/turn              p - ring of resist corrosion
MPRegen  0.09/turn              (no ring)

@: lethally poisoned (-1 -> -21)
A: unfitting armour, cold-blooded, AC +5
a: no special abilities


You were on level 2 of the Dungeon.
You were not hungry.

You visited 1 branch of the dungeon, and saw 2 of its levels.

You collected 50 gold pieces.

Inventory:

Hand Weapons
 a - a +2 hand axe (weapon)
 b - a +0 mace
Missiles
 e - 9 poisoned needles
 i - 29 stones (quivered)
 k - 3 silver javelins
 n - 21 sling bullets
Armour
 r - a +1 hat (worn)
Jewellery
 p - a ring of resist corrosion (left hand)
Scrolls
 g - 2 scrolls of identify {unknown}
 h - a scroll of enchant weapon {unknown}
 j - a scroll of noise {unknown}
 l - 2 scrolls of teleportation {unknown}
 m - a scroll of fear {unknown}
 o - a scroll of blinking {unknown}
Potions
 c - 3 potions of curing
 f - 2 potions of brilliance {unknown}
Comestibles
 d - 2 rations
 q - a chunk of flesh


   Skills:
 + Level 6.2 Fighting
 + Level 4.0 Axes
 * Level 2.0 Dodging
 + Level 1.1 Stealth
   Level 1.0 Evocations


You had 4 spell levels left.
You didn't know any spells.
Your spell library was empty.

Dungeon Overview and Level Annotations

Branches:
Dungeon (2/15)

Altars:

Annotations:
D:2 Crazy Yiuf


Innate Abilities, Weirdness & Mutations

Your plain brown scales are hard. (AC +5)
You cannot fit into any form of body armour.
You are cold-blooded and may be slowed by cold attacks.


Message History

You feel sick.
Crazy Yiuf hits you with a +4 quarterstaff of chaos.
You are electrocuted!!
* * * LOW HITPOINT WARNING * * *
You hit Crazy Yiuf.
Crazy Yiuf is moderately wounded.
Crazy Yiuf barely misses you.
You hit Crazy Yiuf.
Crazy Yiuf is moderately wounded.
You feel sick.
Crazy Yiuf hits you with a +4 quarterstaff of chaos!
* * * LOW HITPOINT WARNING * * *
You are lethally poisoned!
You barely miss Crazy Yiuf.
Your tail-slap misses Crazy Yiuf.
Crazy Yiuf is moderately wounded.
* * * LOW HITPOINT WARNING * * *
You feel sick. Crazy Yiuf closely misses you.
You slash Crazy Yiuf! You tail-slap Crazy Yiuf.
Crazy Yiuf is almost dead.
You die...

#####...## ##..## #.#
# ##.## ##...# #.#
#.# #...## #.# #.#
##.## #.# ##'## #.##
#.# ##...## ##.# #>#
##.....## #.## #.#
##.......# ##.# ###
##........# ##'##
.'........# #..g#
##........# #..@#
##.<.....# #..)#
##.....## #####
##...## ##'## ### #.#
#.# #.############.#
##.#.........##.#
#####..÷.#######.##.#
.......÷.#######.##.#
#####....##...##.##.#


You could see Crazy Yiuf.

Vanquished Creatures
  Natasha (thrice) (D:2)
  2 adders (D:2)
  A worm (D:2)
  4 dart slugs
  2 leopard geckos
  3 giant cockroaches (D:1)
  4 goblins (D:1)
  8 hobgoblins
  3 jackals (D:2)
  A quokka (D:2)
  A ball python (D:1)
  3 bats (D:1)
  4 frilled lizards
  A kobold (D:1)
  5 rats
45 creatures vanquished.

Notes
Turn   | Place    | Note
-------+----------+-------------------------------------------
     0 | D:1      | bli the Draconian Wanderer began the quest for the Orb.
     0 | D:1      | bli set off with the following items: a +2 hand axe, a +0
                  | mace, a potion of curing, a ration
     0 | D:1      | Reached XP level 1. HP: 23/23 MP: 1/1
    46 | D:1      | Reached XP level 2. HP: 30/30 MP: 2/2
   140 | D:1      | Reached skill level 6 in Fighting
   270 | D:1      | Reached XP level 3. HP: 36/37 MP: 3/3
   711 | D:2      | Noticed Natasha
   721 | D:2      | Killed Natasha
   721 | D:2      | Reached XP level 4. HP: 38/44 MP: 4/4
   736 | D:2      | Noticed Natasha
   747 | D:2      | Killed Natasha
  1024 | D:2      | Noticed Natasha
  1036 | D:2      | Killed Natasha
  1320 | D:2      | Found a runed translucent door.
  1321 | D:2      | Noticed Crazy Yiuf
  1414 | D:2      | Reached XP level 5. HP: 45/50 MP: 5/5
  1616 | D:2      | HP: 1/50 [poisoned by Crazy Yiuf]
  1617 | D:2      | Succumbed to Crazy Yiuf's poison

Levels and vault maps discovered:
D:1:      dpeg_arrival_shelter, layout_rooms, minmay_misc_feat_hallway
D:2:      layout_loops_corners, uniq_natasha, uniq_crazy_yiuf_cottage

Skill      XL: |  1  2  3  4  5 |
---------------+----------------+-----
Fighting       | 6 |  6.2
Axes           | 3 4 |  4.0
Dodging        | 2 |  2.0
Stealth        | |  1.1
Evocations     | |  1.0

Action                   |  1- 3 |  4- 6 || total
-------------------------+-------+-------++-------
Melee: Hand axe          |    87 |    55 ||   142
       Tailslap          |     8 |     5 ||    13
 Stab: Sleeping          |     1 |     1 ||     2
  Eat: Chunk             |       |     2 ||     2
Armor: Skin              |    28 |     9 ||    37
Dodge: Dodged            |    54 |    18 ||    72

Table legend:
 A = Non-vault XP
 B = Vault XP
 C = Vault XP percentage of total XP
 D = Non-vault monster count
 E = Vault monster count
 F = Vault count percentage of total count
                 A         B        C        D         E       F
            +---------+---------+-------+---------+---------+-------
      Total |     175 |      35 |  16.7 |      44 |       1 |   2.2
            +---------+---------+-------+---------+---------+-------
        D:1 |      45 |       0 |   0.0 |      25 |       0 |   0.0
        D:2 |     130 |      35 |  21.2 |      19 |       1 |   5.0
            +---------+---------+-------+---------+---------+-------
